SR
BETHLEHEM ANGEL KITTIES @ MOOSE JAW CANUCKS
08/21/2042
 
TOP OF THE 1ST
Bethlehem Angel Kitties batting - Pitching for Moose Jaw Canucks : LHP Mark Antrim
Pitching: LHP Mark Antrim
Batting: LHB Tse-peng Yei 0-0: Foul Ball, location: 2RF, Error on foul ball, E2
0-1: Ball
1-1: Ball
2-1: Foul Ball, location: 2F
2-2: Foul Ball, location: 2F
2-2: Foul Ball, location: 2F
2-2: Ground out U3 (Groundball, 3, EV 90.0 MPH)
Batting: RHB Robbie McClellan 0-0: Called Strike
0-1: Ball
1-1: Called Strike
1-2: Strikes out swinging
Batting: RHB Hwui-ning Chen 0-0: SINGLE (Line Drive, 8LS, EV 90.0 MPH)
Batting: LHB Cam Nicholson 0-0: Ball
1-0: Called Strike
1-1: Ball
2-1: Foul Ball, location: 2F
2-2: Strikes out looking
Top of the 1st over - 0 runs, 1 hit, 1 error, 1 left on base; Bethlehem 0 - Moose Jaw 0
BOTTOM OF THE 1ST
Moose Jaw Canucks batting - Pitching for Bethlehem Angel Kitties : RHP José Santos
Pitching: RHP José Santos
Batting: LHB Gary McQueen 0-0: Swinging Strike
0-1: Ball
1-1: Swinging Strike
1-2: Strikes out swinging
Batting: RHB Dave Johns 0-0: Ball
1-0: Ball
2-0: Called Strike
2-1: Called Strike
2-2: Fly out, F8 (Flyball, 8RD, EV 100.6 MPH)
Batting: RHB Román Ayala 0-0: Ball
1-0: Ball
2-0: Fly out, F9 (Flyball, 9S, EV 80.6 MPH)
Bottom of the 1st over - 0 runs, 0 hits, 0 errors, 0 left on base; Bethlehem 0 - Moose Jaw 0
TOP OF THE 2ND
Bethlehem Angel Kitties batting - Pitching for Moose Jaw Canucks : LHP Mark Antrim
Batting: RHB Martín Espinoza 0-0: Fly out, F5 (Popup, 5SF, EV 86.9 MPH)
Batting: RHB Kent Fowler 0-0: Called Strike
0-1: Swinging Strike
0-2: Ball
1-2: Foul Ball, location: 2F
1-2: Ground out 6-3 (Groundball, 56, EV 84.4 MPH)
Batting: RHB Juan Oreta 0-0: Ball
1-0: Fly out, F9 (Line Drive, 9, EV 86.9 MPH)
Top of the 2nd over - 0 runs, 0 hits, 0 errors, 0 left on base; Bethlehem 0 - Moose Jaw 0
BOTTOM OF THE 2ND
Moose Jaw Canucks batting - Pitching for Bethlehem Angel Kitties : RHP José Santos
Batting: LHB Steve Scott 0-0: Ball
1-0: Swinging Strike
1-1: Ball
2-1: Swinging Strike
2-2: SINGLE (Line Drive, 56D, EV 104.4 MPH)
Batting: RHB Chad Edwards 0-0: Ball
1-0: DOUBLE (Groundball, 5L, EV 103.8 MPH)
Steve Scott to third
Runner from 3rd tries for Home, SAFE, throw by LF to trailing runner, SAFE at third!
Batting: RHB Greg Green 0-0: Ball
1-0: Foul Ball, location: 2F
1-1: Ball
2-1: Foul Ball, location: 2F
2-2: Strikes out swinging
Batting: RHB Tye Wyatt 0-0: Ball
1-0: Fly out, F4 (Popup, 34S, EV 89.4 MPH)
Batting: RHB Marcos Martínez 0-0: Swinging Strike
0-1: Foul Ball, location: 2F
0-2: Ball
1-2: Strikes out looking
Bottom of the 2nd over - 1 run, 2 hits, 0 errors, 1 left on base; Bethlehem 0 - Moose Jaw 1
TOP OF THE 3RD
Bethlehem Angel Kitties batting - Pitching for Moose Jaw Canucks : LHP Mark Antrim
Batting: RHB Brody King 0-0: Ball
1-0: Called Strike
1-1: Swinging Strike
1-2: Ball
2-2: Strikes out swinging
Batting: RHB Wyatt Shepherd 0-0: Called Strike
0-1: Foul Ball, location: 2F
0-2: Ball
1-2: Foul Ball, location: 2F
1-2: Ball
2-2: Ball
3-2: Fly out, F7 (Flyball, 78M, EV 91.2 MPH)
Batting: LHB Tse-peng Yei 0-0: Ball
1-0: Called Strike
1-1: Ball
2-1: Ball
3-1: Called Strike
3-2: Ground out U3 (Groundball, 3, EV 108.1 MPH)
Top of the 3rd over - 0 runs, 0 hits, 0 errors, 0 left on base; Bethlehem 0 - Moose Jaw 1
BOTTOM OF THE 3RD
Moose Jaw Canucks batting - Pitching for Bethlehem Angel Kitties : RHP José Santos
Batting: RHB George Holmes 0-0: Called Strike
0-1: Ball
1-1: Ball
2-1: Foul Ball, location: 2F
2-2: Strikes out swinging
Batting: LHB Gary McQueen 0-0: Ball
1-0: Ball
2-0: Ball
3-0: Called Strike
3-1: Called Strike
3-2: Strikes out swinging
Batting: RHB Dave Johns 0-0: Foul Ball, location: 2F
0-1: Ground out 5-3 (Groundball, 56S, EV 84.4 MPH)
Bottom of the 3rd over - 0 runs, 0 hits, 0 errors, 0 left on base; Bethlehem 0 - Moose Jaw 1
TOP OF THE 4TH
Bethlehem Angel Kitties batting - Pitching for Moose Jaw Canucks : LHP Mark Antrim
Batting: RHB Robbie McClellan 0-0: Ball
1-0: Foul Ball, location: 2F
1-1: Swinging Strike
1-2: Ball
2-2: Strikes out swinging
Batting: RHB Hwui-ning Chen 0-0: Ball
1-0: Fly out, F8 (Line Drive, 8LM, EV 91.2 MPH)
Batting: LHB Cam Nicholson 0-0: Ball
1-0: SOLO HOME RUN (Flyball, 9LD, EV 93.8 MPH), Distance : 351 ft
Batting: RHB Martín Espinoza 0-0: Called Strike
0-1: Called Strike
0-2: Strikes out looking
Top of the 4th over - 1 run, 1 hit, 0 errors, 0 left on base; Bethlehem 1 - Moose Jaw 1
BOTTOM OF THE 4TH
Moose Jaw Canucks batting - Pitching for Bethlehem Angel Kitties : RHP José Santos
Batting: RHB Román Ayala 0-0: Called Strike
0-1: Ground out 5-3 (Groundball, 5, EV 86.9 MPH)
Batting: LHB Steve Scott 0-0: Called Strike
0-1: Swinging Strike
0-2: Ball
1-2: Ball
2-2: Ball
3-2: Fly out, F7 (Flyball, 7S, EV 91.9 MPH)
Batting: RHB Chad Edwards 0-0: Called Strike
0-1: Foul Ball, location: 2F
0-2: Foul Ball, location: 2F
0-2: Fly out, F9 (Flyball, 9LS, EV 81.2 MPH)
Bottom of the 4th over - 0 runs, 0 hits, 0 errors, 0 left on base; Bethlehem 1 - Moose Jaw 1
TOP OF THE 5TH
Bethlehem Angel Kitties batting - Pitching for Moose Jaw Canucks : LHP Mark Antrim
Batting: RHB Kent Fowler 0-0: Ball
1-0: Foul Ball, location: 2F
1-1: Ball
2-1: Ball
3-1: SINGLE (Line Drive, 3D, EV 95.6 MPH)
Batting: RHB Juan Oreta 0-0: Bunt missed!
0-1: Sac Bunt to P - play at first, batter OUT! 1-4
Kent Fowler to second
Batting: RHB Brody King 0-0: Fly out, F8 (Line Drive, 8RM, EV 94.4 MPH)
Batting: RHB Wyatt Shepherd 0-0: Foul Ball, location: 2F
0-1: Ball
1-1: Ball
2-1: Swinging Strike
2-2: Strikes out looking
Top of the 5th over - 0 runs, 1 hit, 0 errors, 1 left on base; Bethlehem 1 - Moose Jaw 1
BOTTOM OF THE 5TH
Moose Jaw Canucks batting - Pitching for Bethlehem Angel Kitties : RHP José Santos
Batting: RHB Greg Green 0-0: Foul Ball, location: 2F
0-1: Ball
1-1: Called Strike
1-2: Ground out 6-3 (Groundball, 6, EV 80.6 MPH)
Batting: RHB Tye Wyatt 0-0: Ball
1-0: Foul Ball, location: 2F
1-1: Foul Ball, location: 2F
1-2: Ball
2-2: Foul Ball, location: 2F
2-2: Strikes out swinging
Batting: RHB Marcos Martínez 0-0: Called Strike
0-1: Foul Ball, location: 2F
0-2: Foul Ball, location: 2F
0-2: Fly out, F4 (Popup, 4S, EV 78.8 MPH)
Bottom of the 5th over - 0 runs, 0 hits, 0 errors, 0 left on base; Bethlehem 1 - Moose Jaw 1
TOP OF THE 6TH
Bethlehem Angel Kitties batting - Pitching for Moose Jaw Canucks : LHP Mark Antrim
Batting: LHB Tse-peng Yei 0-0: Called Strike
0-1: Foul Ball, location: 2F
0-2: SINGLE (Line Drive, 34D, EV 110.0 MPH)
Batting: RHB Robbie McClellan 0-0: Sac Bunt to 3S - play at first, batter OUT! 3-4
Tse-peng Yei to second
Batting: RHB Hwui-ning Chen 0-0: Ball
1-0: Foul Ball, location: 2F
1-1: Called Strike
1-2: Strikes out looking
Batting: LHB Cam Nicholson 0-0: Ball
1-0: Foul Ball, location: 2F
1-1: Swinging Strike
1-2: Ground out 6-3 (Groundball, 6, EV 98.1 MPH)
Top of the 6th over - 0 runs, 1 hit, 0 errors, 1 left on base; Bethlehem 1 - Moose Jaw 1
BOTTOM OF THE 6TH
Moose Jaw Canucks batting - Pitching for Bethlehem Angel Kitties : RHP José Santos
Batting: RHB George Holmes 0-0: Swinging Strike
0-1: Swinging Strike
0-2: Foul Ball, location: 2F
0-2: Foul Ball, location: 2F
0-2: Strikes out swinging, 2-3 out at first.
Batting: LHB Gary McQueen 0-0: Called Strike
0-1: Ball
1-1: Ball
2-1: Ball
3-1: Called Strike
3-2: Foul Ball, location: 2F
3-2: Foul Ball, location: 2F
3-2: Fly out, F7 (Flyball, 7LM, EV 99.4 MPH)
Batting: RHB Dave Johns 0-0: Ball
1-0: Ball
2-0: Foul Ball, location: 2F
2-1: SINGLE (Flyball, 7S, EV 91.2 MPH)
Batting: RHB Román Ayala 0-0: Ball
1-0: Swinging Strike
1-1: Foul Ball, location: 2F
1-2: Ball
2-2: Foul Ball, location: 2F
2-2: Foul Ball, location: 2F
2-2: SINGLE (Groundball, 6MD, EV 104.4 MPH)
Dave Johns to second
Runner from 2nd tries for 3rd, SAFE, throw by CF made to third
Batting: LHB Steve Scott 0-0: Ball
1-0: Called Strike
1-1: Ground out 4-3 (Groundball, 4, EV 84.4 MPH)
Bottom of the 6th over - 0 runs, 2 hits, 0 errors, 2 left on base; Bethlehem 1 - Moose Jaw 1
TOP OF THE 7TH
Bethlehem Angel Kitties batting - Pitching for Moose Jaw Canucks : LHP Mark Antrim
Batting: RHB Martín Espinoza 0-0: Foul Ball, location: 2F
0-1: Foul Ball, location: 2F
0-2: Strikes out swinging
Batting: RHB Kent Fowler 0-0: Ball
1-0: Ball
2-0: Ball
3-0: Base on Balls
Batting: RHB Juan Oreta 0-0: Ball
1-0: Called Strike
1-1: Swinging Strike
1-2: Ball
2-2: Strikes out swinging
Batting: RHB Brody King 0-0: Ball
1-0: Fly out, F7 (Flyball, 7, EV 93.1 MPH)
Top of the 7th over - 0 runs, 0 hits, 0 errors, 1 left on base; Bethlehem 1 - Moose Jaw 1
BOTTOM OF THE 7TH
Moose Jaw Canucks batting - Pitching for Bethlehem Angel Kitties : RHP José Santos
Pitching: LHP Shao-qi Yeh
Batting: RHB Chad Edwards 0-0: Called Strike
0-1: Ball
1-1: Ground out 5-3 (Groundball, 56, EV 85.0 MPH)
Batting: RHB Greg Green 0-0: Ball
1-0: Fly out, F8 (Flyball, 89M, EV 93.1 MPH)
Batting: RHB Tye Wyatt 0-0: Foul Ball, location: 2F
0-1: Ball
1-1: Ball
2-1: Ground out 4-3 (Groundball, 4M, EV 80.6 MPH)
Bottom of the 7th over - 0 runs, 0 hits, 0 errors, 0 left on base; Bethlehem 1 - Moose Jaw 1
TOP OF THE 8TH
Bethlehem Angel Kitties batting - Pitching for Moose Jaw Canucks : LHP Mark Antrim
Batting: RHB Wyatt Shepherd 0-0: Ball
1-0: Foul Ball, location: 2RF, Error on foul ball, E2
1-1: SINGLE (Flyball, 9LM, EV 93.1 MPH)
Batting: LHB Tse-peng Yei 0-0: Ball
1-0: Sac Bunt to 23 - play at first, batter OUT! 3-4
Wyatt Shepherd to second
Batting: RHB Robbie McClellan 0-0: Ball
1-0: Ball
2-0: Ball
3-0: Called Strike
3-1: Ground out 6-3 (Groundball, 6, EV 85.0 MPH)
Batting: RHB Hwui-ning Chen 0-0: Swinging Strike
0-1: Ball
1-1: Ball
2-1: Fly out, F9 (Flyball, 9D, EV 98.8 MPH)
Top of the 8th over - 0 runs, 1 hit, 1 error, 1 left on base; Bethlehem 1 - Moose Jaw 1
BOTTOM OF THE 8TH
Moose Jaw Canucks batting - Pitching for Bethlehem Angel Kitties : LHP Shao-qi Yeh
Batting: RHB Marcos Martínez 0-0: Called Strike
0-1: Swinging Strike
0-2: Strikes out swinging, 2-3 out at first.
Batting: RHB George Holmes 0-0: Foul Ball, location: 2F
0-1: Foul Ball, location: 2F
0-2: Fly out, F7 (Line Drive, 7, EV 85.6 MPH)
Batting: LHB Gary McQueen 0-0: Ball
1-0: SINGLE (Groundball, 34D, EV 95.6 MPH)
Batting: RHB Dave Johns 0-0: Swinging Strike
0-1: Foul Ball, location: 2F
0-2: Ball
1-2: Fly out, F8 (Flyball, 8LD, EV 95.0 MPH)
Bottom of the 8th over - 0 runs, 1 hit, 0 errors, 1 left on base; Bethlehem 1 - Moose Jaw 1
TOP OF THE 9TH
Bethlehem Angel Kitties batting - Pitching for Moose Jaw Canucks : LHP Mark Antrim
Pinch Hitting: RHB Dieter de Jong 0-0: Called Strike
0-1: Ball
1-1: Ball
2-1: Foul Ball, location: 2F
2-2: Foul Ball, location: 2F
2-2: Fly out, F7 (Flyball, 78D, EV 97.5 MPH)
Batting: RHB Martín Espinoza 0-0: Ball
1-0: SINGLE (Groundball, 6MD, EV 100.0 MPH)
Pitching: RHP Eisaku Ishikawa
Pinch Hitting: RHB Christian L'Écuyer 0-0: Ball
1-0: Foul Ball, location: 2F
1-1: Ball
2-1: Swinging Strike
2-2: Fly out, F8 (Flyball, 8LM, EV 80.0 MPH)
Pinch Hitting: SHB Toshiaki Watanabe 0-0: Called Strike
0-1: Foul Ball, location: 2F
0-2: Ball
1-2: Strikes out looking
Top of the 9th over - 0 runs, 1 hit, 0 errors, 1 left on base; Bethlehem 1 - Moose Jaw 1
BOTTOM OF THE 9TH
Moose Jaw Canucks batting - Pitching for Bethlehem Angel Kitties : LHP Shao-qi Yeh
Now at C: Jay Dowling
Now at SS: Bruno Brewster
Now in LF: Dieter de Jong
Batting: RHB Román Ayala 0-0: Ground out U3 (Groundball, 3S, EV 80.6 MPH)
Batting: LHB Steve Scott 0-0: Foul Ball, location: 2F
0-1: Foul Ball, location: 2F
0-2: Strikes out swinging
Batting: RHB Chad Edwards 0-0: Called Strike
0-1: Foul Ball, location: 2F
0-2: Ball
1-2: Foul Ball, location: 2F
1-2: Strikes out swinging
Bottom of the 9th over - 0 runs, 0 hits, 0 errors, 0 left on base; Bethlehem 1 - Moose Jaw 1
TOP OF THE 10TH
Bethlehem Angel Kitties batting - Pitching for Moose Jaw Canucks : RHP Eisaku Ishikawa
Batting: RHB Brody King 0-0: Called Strike
0-1: Called Strike
0-2: Ball
1-2: Foul Ball, location: 2F
1-2: Fly out, F7 (Flyball, 78D, EV 105.0 MPH)
Batting: RHB Wyatt Shepherd 0-0: Fly out, F7 (Flyball, 7D, EV 100.6 MPH)
Batting: LHB Tse-peng Yei 0-0: Ball
1-0: Swinging Strike
1-1: SINGLE (Flyball, 9LM, EV 100.6 MPH)
Batting: RHB Robbie McClellan 0-0: Ball
1-0: Called Strike
1-1: Ball
2-1: Ground out 5-3 (Groundball, 56S, EV 81.2 MPH)
Top of the 10th over - 0 runs, 1 hit, 0 errors, 1 left on base; Bethlehem 1 - Moose Jaw 1
BOTTOM OF THE 10TH
Moose Jaw Canucks batting - Pitching for Bethlehem Angel Kitties : LHP Shao-qi Yeh
Pitching: RHP Yu-eh Wang
Batting: RHB Greg Green 0-0: SINGLE (Groundball, 4MD, EV 102.5 MPH)
Pinch Hitting: RHB Tommy Wright 0-0: Ball
1-0: Ball
2-0: Foul Ball, location: 2F
2-1: Bunted foul
2-2: Strikes out swinging
Pinch Hitting: RHB Chris Miller 0-0: Ball
1-0: Called Strike
1-1: Grounds into double play, 1-4-3 (Groundball, 25, EV 84.4 MPH)
Bottom of the 10th over - 0 runs, 1 hit, 0 errors, 0 left on base; Bethlehem 1 - Moose Jaw 1
TOP OF THE 11TH
Bethlehem Angel Kitties batting - Pitching for Moose Jaw Canucks : RHP Eisaku Ishikawa
Pitching: LHP Wu-shun Feng
Now at 2B: Olivier Leloup
Now in CF: Lucas Aldis
Batting: RHB Hwui-ning Chen 0-0: Ball
1-0: Ball
2-0: DOUBLE (Line Drive, 78XD, EV 102.5 MPH)
Batting: RHB Dieter de Jong 0-0: Intentional Walk
Batting: RHB Martín Espinoza 0-0: Ground out 6-3 (Groundball, 56D, EV 98.1 MPH)
Hwui-ning Chen to third
Dieter de Jong to second
Batting: RHB Jay Dowling 0-0: Ball
1-0: Ball
2-0: Foul Ball, location: 2F
2-1: Swinging Strike
2-2: Ball
3-2: SINGLE (Flyball, 6D, EV 97.5 MPH)
Hwui-ning Chen scores
Dieter de Jong to third
Runner from 3rd tries for Home, SAFE, throw by CF to home
Jay Dowling to second
Batting: RHB Bruno Brewster 0-0: Reached on error, E6 (Groundball, 6, EV 105.6 MPH)
Jay Dowling scores
Batting: RHB Brody King 0-0: Ball
1-0: Foul Ball, location: 2F
1-1: Ball
2-1: Foul Ball, location: 2F
2-2: Foul Ball, location: 2F
2-2: Ball
3-2: Foul Ball, location: 2F
3-2: Strikes out swinging
Batting: RHB Wyatt Shepherd 0-0: Ball
1-0: Called Strike
1-1: Foul Ball, location: 2F
1-2: Ball
2-2: Ball
3-2: Foul Ball, location: 2F
3-2: Foul Ball, location: 2F
3-2: Fly out, F9 (Flyball, 9S, EV 86.9 MPH)
Top of the 11th over - 3 runs, 2 hits, 1 error, 1 left on base; Bethlehem 4 - Moose Jaw 1
BOTTOM OF THE 11TH
Moose Jaw Canucks batting - Pitching for Bethlehem Angel Kitties : RHP Yu-eh Wang
Batting: RHB George Holmes 0-0: Fly out, F8 (Flyball, 8LS, EV 94.4 MPH)
Batting: LHB Gary McQueen 0-0: Called Strike
0-1: Ball
1-1: Ball
2-1: SINGLE (Groundball, 4, EV 102.5 MPH) (infield hit)
Batting: RHB Dave Johns 0-0: Ball
1-0: Foul Ball, location: 2F
1-1: Ball
2-1: Fly out, F4 (Popup, 4S, EV 68.1 MPH)
Batting: RHB Román Ayala 0-0: Called Strike
0-1: Foul Ball, location: 2F
0-2: Foul Ball, location: 2F
0-2: Ball
1-2: Ball
Pickoff Throw by Catcher to First - Out!
Bottom of the 11th over - 0 runs, 1 hit, 0 errors, 0 left on base; Bethlehem 4 - Moose Jaw 1
Friday, March 26th, 2021 - OOTP Baseball 20.8 Build 74